EL
PENSACOLA BLUE WAHOOS @ COLORADO (EL) ROCKIES
05/20/2049
 
TOP OF THE 1ST
Pensacola Blue Wahoos batting - Pitching for Colorado (EL) Rockies : RHP Jalen Young
Pitching: RHP Jalen Young
Batting: RHB Randy Grewe 0-0: Swinging Strike
0-1: Called Strike
0-2: Foul Ball, location: 2F
0-2: Ball
1-2: Fly out, F7 (Flyball, 7D, EV 103.8 MPH)
Batting: RHB Doug Carter 0-0: Foul Ball, location: 2F
0-1: Ball
1-1: SINGLE (Groundball, 23, EV 63.1 MPH) (infield hit)
Batting: LHB Jamie Spangenberg 0-0: Ball
1-0: Ball
Doug Carter steals 2nd base
2-0: Foul Ball, location: 2F
2-1: Foul Ball, location: 2F
2-2: Ground out 4-3 (Groundball, 34D, EV 77.5 MPH)
Doug Carter to third
Batting: RHB Solange Le Coq 0-0: SINGLE (Groundball, 6M, EV 76.9 MPH) (infield hit)
Doug Carter scores
Batting: RHB Dinand Brouwer 0-0: Called Strike
Solange Le Coq steals 2nd base
0-1: Called Strike
0-2: Ball
1-2: Ball
2-2: Reached on error, E5 (Groundball, 56, EV 78.1 MPH)
Solange Le Coq scores
Batting: RHB Mark Williams 0-0: Called Strike
0-1: Ball
1-1: Foul Ball, location: 2F
1-2: Foul Ball, location: 2F
1-2: Ball
2-2: Ball
3-2: Strikes out swinging
Top of the 1st over - 2 runs, 2 hits, 1 error, 1 left on base; Pensacola 2 - Colorado (EL) 0
BOTTOM OF THE 1ST
Colorado (EL) Rockies batting - Pitching for Pensacola Blue Wahoos : RHP Tony Ortiz
Pitching: RHP Tony Ortiz
Batting: RHB Ivan Castaneda 0-0: Foul Ball, location: 2F
0-1: Fly out, F8 (Flyball, 78D, EV 111.2 MPH)
Batting: SHB Jeff Sorrels 0-0: Called Strike
0-1: Ground out 4-3 (Groundball, 4, EV 88.8 MPH)
Batting: LHB Mick Tucker 0-0: Foul Ball, location: 2F
0-1: Called Strike
0-2: Ball
1-2: Foul Ball, location: 2F
1-2: Strikes out swinging
Bottom of the 1st over - 0 runs, 0 hits, 0 errors, 0 left on base; Pensacola 2 - Colorado (EL) 0
TOP OF THE 2ND
Pensacola Blue Wahoos batting - Pitching for Colorado (EL) Rockies : RHP Jalen Young
Batting: LHB Jorge Zarazua 0-0: Called Strike
0-1: Ball
1-1: Called Strike
1-2: Strikes out swinging
Batting: RHB Jon Marquez 0-0: Foul Ball, location: 2F
0-1: Fly out, F7 (Flyball, 7S, EV 88.1 MPH)
Batting: RHB Gabe Ochoa 0-0: Ball
1-0: Foul Ball, location: 2F
1-1: Ball
2-1: Ball
3-1: Ground out 6-3 (Groundball, 6, EV 86.9 MPH)
Top of the 2nd over - 0 runs, 0 hits, 0 errors, 0 left on base; Pensacola 2 - Colorado (EL) 0
BOTTOM OF THE 2ND
Colorado (EL) Rockies batting - Pitching for Pensacola Blue Wahoos : RHP Tony Ortiz
Batting: RHB Chris Tatum 0-0: Called Strike
0-1: Called Strike
0-2: Ball
1-2: Foul Ball, location: 2F
1-2: Foul Ball, location: 2F
1-2: Foul Ball, location: 2F
1-2: Strikes out swinging
Batting: RHB John Corfield 0-0: Called Strike
0-1: Fly out, F9 (Line Drive, 9S, EV 99.4 MPH)
Batting: RHB T.J. Williams 0-0: Called Strike
0-1: Ground out 4-3 (Groundball, 4, EV 101.9 MPH)
Bottom of the 2nd over - 0 runs, 0 hits, 0 errors, 0 left on base; Pensacola 2 - Colorado (EL) 0
TOP OF THE 3RD
Pensacola Blue Wahoos batting - Pitching for Colorado (EL) Rockies : RHP Jalen Young
Batting: RHB Randy Grewe 0-0: Ball
1-0: Ball
2-0: Foul Ball, location: 2F
2-1: Ground out 6-3 (Groundball, 6, EV 107.5 MPH)
Batting: RHB Doug Carter 0-0: Called Strike
0-1: Swinging Strike
0-2: Ball
1-2: Foul Ball, location: 2F
1-2: Ball
2-2: Strikes out swinging
Batting: LHB Jamie Spangenberg 0-0: Ball
1-0: SINGLE (Line Drive, 56D, EV 108.1 MPH)
Batting: RHB Solange Le Coq 0-0: Called Strike
Jamie Spangenberg steals 2nd base
0-1: Ball
1-1: Swinging Strike
1-2: Fly out, F9 (Flyball, 9, EV 93.8 MPH)
Top of the 3rd over - 0 runs, 1 hit, 0 errors, 1 left on base; Pensacola 2 - Colorado (EL) 0
BOTTOM OF THE 3RD
Colorado (EL) Rockies batting - Pitching for Pensacola Blue Wahoos : RHP Tony Ortiz
Batting: RHB Zakhar Edelman 0-0: Called Strike
0-1: Swinging Strike
0-2: Ground out 4-3 (Groundball, 34, EV 100.6 MPH)
Batting: LHB Daniel Green 0-0: Ball
1-0: Fly out, F7 (Flyball, 7D, EV 90.0 MPH)
Batting: SHB Craig Ruzic 0-0: Ball
1-0: Called Strike
1-1: Ball
2-1: Fly out, F5 (Popup, 56S, EV 65.0 MPH)
Bottom of the 3rd over - 0 runs, 0 hits, 0 errors, 0 left on base; Pensacola 2 - Colorado (EL) 0
TOP OF THE 4TH
Pensacola Blue Wahoos batting - Pitching for Colorado (EL) Rockies : RHP Jalen Young
Batting: RHB Dinand Brouwer 0-0: Hit by Pitch
Batting: RHB Mark Williams 0-0: Fly out, F8 (Line Drive, 8RM, EV 97.5 MPH)
Batting: LHB Jorge Zarazua 0-0: Ball
1-0: Ball
2-0: Called Strike
2-1: Foul Ball, location: 2F
2-2: Foul Ball, location: 2F
2-2: Ball
3-2: Foul Ball, location: 2F
3-2: Base on Balls
Dinand Brouwer to second
Batting: RHB Jon Marquez 0-0: Ball
1-0: Foul Ball, location: 2F
1-1: Ball
2-1: Called Strike
2-2: Ball
3-2: Strikes out swinging
Batting: RHB Gabe Ochoa 0-0: SINGLE (Line Drive, 8LS, EV 93.1 MPH)
Dinand Brouwer to third
Jorge Zarazua to second
Batting: RHB Randy Grewe 0-0: Ball
1-0: Called Strike
1-1: Reached via error on a dropped throw from 3B, E4 (Groundball, 56, EV 101.9 MPH)
Dinand Brouwer scores
Jorge Zarazua to third
Gabe Ochoa to second
Batting: RHB Doug Carter 0-0: Fielders Choice at 2nd, 5-4 (Groundball, 56, EV 78.8 MPH)
Top of the 4th over - 1 run, 1 hit, 1 error, 3 left on base; Pensacola 3 - Colorado (EL) 0
BOTTOM OF THE 4TH
Colorado (EL) Rockies batting - Pitching for Pensacola Blue Wahoos : RHP Tony Ortiz
Batting: RHB Ivan Castaneda 0-0: Bunt for hit to 25 - play at first, batter OUT! 5-3
Batting: SHB Jeff Sorrels 0-0: Fly out, F9 (Flyball, 9S, EV 88.1 MPH)
Batting: LHB Mick Tucker 0-0: Ball
1-0: Swinging Strike
1-1: Fly out, F6 (Line Drive, 4MD, EV 72.5 MPH)
Bottom of the 4th over - 0 runs, 0 hits, 0 errors, 0 left on base; Pensacola 3 - Colorado (EL) 0
TOP OF THE 5TH
Pensacola Blue Wahoos batting - Pitching for Colorado (EL) Rockies : RHP Jalen Young
Batting: LHB Jamie Spangenberg 0-0: Called Strike
0-1: SINGLE (Groundball, 56D, EV 101.2 MPH) (infield hit)
Batting: RHB Solange Le Coq 0-0: Called Strike
0-1: Hit by Pitch
Jamie Spangenberg to second
Batting: RHB Dinand Brouwer 0-0: Ball
1-0: Called Strike
1-1: Ball
2-1: Swinging Strike
2-2: Strikes out swinging
Batting: RHB Mark Williams 0-0: Called Strike
0-1: Ball
1-1: Swinging Strike
1-2: Hit by Pitch
Jamie Spangenberg to third
Solange Le Coq to second
Batting: LHB Jorge Zarazua 0-0: Called Strike
0-1: Ball
1-1: Ball
2-1: Grounds into double play, 4-6-3 (Groundball, 4M, EV 107.5 MPH)
Top of the 5th over - 0 runs, 1 hit, 0 errors, 2 left on base; Pensacola 3 - Colorado (EL) 0
BOTTOM OF THE 5TH
Colorado (EL) Rockies batting - Pitching for Pensacola Blue Wahoos : RHP Tony Ortiz
Batting: RHB Chris Tatum 0-0: Ground out 6-3 (Groundball, 6, EV 105.0 MPH)
Batting: RHB John Corfield 0-0: Foul Ball, location: 2F
0-1: Swinging Strike
0-2: Strikes out swinging
Batting: RHB T.J. Williams 0-0: Ball
1-0: Ball
2-0: Ball
3-0: Called Strike
3-1: Base on Balls
Batting: RHB Zakhar Edelman 0-0: Ball
1-0: Ball
2-0: Called Strike
2-1: Called Strike
2-2: Fly out, F8 (Flyball, 89M, EV 92.5 MPH)
Bottom of the 5th over - 0 runs, 0 hits, 0 errors, 1 left on base; Pensacola 3 - Colorado (EL) 0
TOP OF THE 6TH
Pensacola Blue Wahoos batting - Pitching for Colorado (EL) Rockies : RHP Jalen Young
Batting: RHB Jon Marquez 0-0: Ball
1-0: Ball
2-0: Ball
3-0: Base on Balls
Batting: RHB Gabe Ochoa 0-0: Ball
Jon Marquez steals 2nd base
1-0: Swinging Strike
1-1: Ball
2-1: Swinging Strike
2-2: Ball
3-2: SINGLE (Line Drive, 9S, EV 99.4 MPH)
Jon Marquez to third
Runner from 3rd tries for Home, SAFE, throw by RF to home
Pitching: RHP Dane Long
Batting: RHB Randy Grewe 0-0: Ball
1-0: Ball
2-0: Swinging Strike
2-1: Called Strike
2-2: Ball
Wild Pitch!
Gabe Ochoa to second
3-2: SINGLE (Flyball, 6D, EV 85.0 MPH)
Gabe Ochoa to third
Batting: RHB Doug Carter 0-0: Ball
1-0: Ball
2-0: Fly out, F9 (Flyball, 9, EV 80.0 MPH)
Runner from 3rd tags up, SCORES, no throw by RF
Batting: LHB Jamie Spangenberg 0-0: Ball
1-0: Foul Ball, location: 2F
1-1: Ball
2-1: Foul Ball, location: 2F
2-2: Ball
3-2: Base on Balls
Randy Grewe to second
Batting: RHB Solange Le Coq 0-0: Ball
1-0: Foul Ball, location: 2F
1-1: Ball
2-1: Ground out 4-3 (Groundball, 4MS, EV 66.2 MPH)
Randy Grewe to third
Jamie Spangenberg to second
Batting: RHB Dinand Brouwer 0-0: Called Strike
0-1: SINGLE (Groundball, 6D, EV 100.0 MPH)
Randy Grewe scores
Jamie Spangenberg to third
Runner from 3rd tries for Home, SAFE, throw by LF to home
Batting: RHB Mark Williams 0-0: Called Strike
0-1: Ball
1-1: Ball
2-1: Called Strike
2-2: Foul Ball, location: 2F
2-2: Ball
3-2: Strikes out looking
Top of the 6th over - 4 runs, 3 hits, 0 errors, 1 left on base; Pensacola 7 - Colorado (EL) 0
BOTTOM OF THE 6TH
Colorado (EL) Rockies batting - Pitching for Pensacola Blue Wahoos : RHP Tony Ortiz
Batting: LHB Daniel Green 0-0: Ball
1-0: Ball
2-0: Ball
3-0: Base on Balls
Batting: SHB Craig Ruzic 0-0: Foul Ball, location: 2F
0-1: Called Strike
0-2: Ball
1-2: Foul Ball, location: 2F
1-2: Foul Ball, location: 2F
1-2: Grounds into double play, 5-4-3 (Groundball, 56S, EV 81.9 MPH)
Batting: RHB Ivan Castaneda 0-0: Ball
1-0: TRIPLE (Line Drive, 89XD, EV 98.1 MPH)
Batting: SHB Jeff Sorrels 0-0: Ball
1-0: Swinging Strike
1-1: Swinging Strike
1-2: Strikes out swinging
Bottom of the 6th over - 0 runs, 1 hit, 0 errors, 1 left on base; Pensacola 7 - Colorado (EL) 0
TOP OF THE 7TH
Pensacola Blue Wahoos batting - Pitching for Colorado (EL) Rockies : RHP Dane Long
Pitching: RHP Saburo Fujimoto
Pinch Hitting: LHB Brandon Sarni 0-0: Ball
1-0: Ball
2-0: Ball
3-0: Base on Balls
Pinch Hitting: LHB Keith Egan 0-0: Ball
1-0: Ball
2-0: Called Strike
2-1: SINGLE (Groundball, 4, EV 99.4 MPH)
Brandon Sarni to second
Runner from 2nd tries for 3rd, SAFE, throw by CF made at trailing runner, OUT! 8-6
Batting: RHB Gabe Ochoa 0-0: Ball
1-0: Ball
2-0: Ball
3-0: Base on Balls
Batting: RHB Randy Grewe 0-0: Called Strike
0-1: Reached on error, E4 (Groundball, 4, EV 83.1 MPH)
Brandon Sarni scores
Gabe Ochoa to second
Batting: RHB Doug Carter 0-0: Ball
1-0: Fielders Choice at 2nd, 4-6 (Groundball, 4, EV 103.1 MPH)
Gabe Ochoa to third
Pinch Hitting: RHB Bryan Wheeler 0-0: Reached on error, E3 (Groundball, 34S, EV 89.4 MPH)
Gabe Ochoa scores
Doug Carter to second
Batting: RHB Solange Le Coq 0-0: Swinging Strike
0-1: Ball
1-1: Ball
2-1: Foul Ball, location: 2F
2-2: Ball
3-2: Foul Ball, location: 2F
3-2: Base on Balls
Doug Carter to third
Bryan Wheeler to second
Pinch Hitting: RHB Pat Drader 0-0: Called Strike
0-1: SINGLE (Groundball, 4, EV 99.4 MPH)
Doug Carter scores
Bryan Wheeler to third
Solange Le Coq to second
Runner from 3rd tries for Home, throw by CF and OUT! 8-2
Top of the 7th over - 3 runs, 2 hits, 2 errors, 2 left on base; Pensacola 10 - Colorado (EL) 0
BOTTOM OF THE 7TH
Colorado (EL) Rockies batting - Pitching for Pensacola Blue Wahoos : RHP Tony Ortiz
Now at 1B: Mark Williams
Now at 2B: Brandon Sarni
Now at 3B: Pat Drader
Now in LF: Keith Egan
Now in RF: Bryan Wheeler
Batting: LHB Mick Tucker 0-0: SINGLE (Line Drive, 8RS, EV 92.5 MPH)
Batting: RHB Chris Tatum 0-0: Called Strike
0-1: Ball
Mick Tucker steals 2nd base (no throw)
1-1: Fly out, F8 (Flyball, 8LM, EV 93.1 MPH)
Batting: RHB John Corfield 0-0: Swinging Strike
0-1: Ball
1-1: Ball
2-1: Foul Ball, location: 2F
2-2: Strikes out swinging
Batting: RHB T.J. Williams 0-0: Ball
1-0: Swinging Strike
1-1: Foul Ball, location: 2F
1-2: Ball
2-2: Strikes out looking
Bottom of the 7th over - 0 runs, 1 hit, 0 errors, 1 left on base; Pensacola 10 - Colorado (EL) 0
TOP OF THE 8TH
Pensacola Blue Wahoos batting - Pitching for Colorado (EL) Rockies : RHP Saburo Fujimoto
Pinch Hitting: RHB Jimmy Mayville 0-0: Ball
1-0: Foul Ball, location: 2F
1-1: Foul Ball, location: 2F
1-2: Ball
2-2: Strikes out looking
Batting: LHB Brandon Sarni 0-0: Ball
1-0: SOLO HOME RUN (Line Drive, 78XD, EV 111.2 MPH), Distance : 433 ft
Batting: LHB Keith Egan 0-0: Ball
1-0: Ball
2-0: Foul Ball, location: 2F
2-1: Ball
3-1: SINGLE (Groundball, 25, EV 66.2 MPH) (infield hit)
Batting: RHB Gabe Ochoa 0-0: Foul Ball, location: 2F
0-1: DOUBLE (Line Drive, 7LM, EV 99.4 MPH)
Keith Egan to third
Batting: RHB Randy Grewe 0-0: Swinging Strike
0-1: Ball
1-1: Swinging Strike
1-2: Ball
2-2: Strikes out swinging
Pitching: LHP Jared Lummus
Batting: RHB Doug Carter 0-0: Foul Ball, location: 2F
0-1: Ball
1-1: Swinging Strike
1-2: Ball
Wild Pitch!
Keith Egan scores
Gabe Ochoa to third
2-2: Strikes out swinging
Top of the 8th over - 2 runs, 3 hits, 0 errors, 1 left on base; Pensacola 12 - Colorado (EL) 0
BOTTOM OF THE 8TH
Colorado (EL) Rockies batting - Pitching for Pensacola Blue Wahoos : RHP Tony Ortiz
Now at 1B: Jimmy Mayville
Batting: RHB Zakhar Edelman 0-0: Ball
1-0: SINGLE (Flyball, 8RS, EV 94.4 MPH) - OUT at second base trying to stretch hit.
Batting: LHB Daniel Green 0-0: Ball
1-0: Ball
2-0: Ground out 6-3 (Groundball, 6S, EV 80.0 MPH)
Batting: SHB Craig Ruzic 0-0: Called Strike
0-1: Hit by Pitch
Batting: RHB Ivan Castaneda 0-0: Ball
1-0: Ball
2-0: Swinging Strike
2-1: SINGLE (Line Drive, 4MD, EV 96.9 MPH)
Craig Ruzic to second
Batting: SHB Jeff Sorrels 0-0: Called Strike
0-1: Ball
1-1: Called Strike
1-2: Ball
2-2: Ball
3-2: Foul Ball, location: 2F
3-2: SINGLE (Line Drive, 8RS, EV 94.4 MPH)
Craig Ruzic to third
Ivan Castaneda to second
Craig Ruzic scores
Ivan Castaneda to third
Pitching: LHP Davy Thorne
Batting: LHB Mick Tucker 0-0: Foul Ball, location: 2F
0-1: Foul Ball, location: 2F
0-2: Ball
1-2: Ball
2-2: Foul Ball, location: 2F
2-2: Ball
3-2: Fly out, F8 (Flyball, 78D, EV 103.8 MPH)
Bottom of the 8th over - 1 run, 3 hits, 0 errors, 2 left on base; Pensacola 12 - Colorado (EL) 1
TOP OF THE 9TH
Pensacola Blue Wahoos batting - Pitching for Colorado (EL) Rockies : LHP Jared Lummus
Batting: RHB Bryan Wheeler 0-0: Called Strike
0-1: Swinging Strike
0-2: Ball
1-2: Ball
2-2: Strikes out looking
Pinch Hitting: LHB Ralph Braine 0-0: Foul Ball, location: 2F
0-1: Hit by Pitch
Pinch Hitting: RHB Kevin Wick 0-0: Swinging Strike
0-1: Ball
1-1: Grounds into double play, 6-4-3 (Groundball, 6, EV 94.4 MPH)
Top of the 9th over - 0 runs, 0 hits, 0 errors, 0 left on base; Pensacola 12 - Colorado (EL) 1
BOTTOM OF THE 9TH
Colorado (EL) Rockies batting - Pitching for Pensacola Blue Wahoos : LHP Davy Thorne
Now at 3B: Kevin Wick
Now in CF: Ralph Braine
Batting: RHB Chris Tatum 0-0: Called Strike
0-1: Ball
1-1: Ground out 1-3 (Groundball, 15S, EV 63.1 MPH)
Batting: RHB John Corfield 0-0: Ball
1-0: Called Strike
1-1: Called Strike
1-2: Strikes out swinging
Batting: RHB T.J. Williams 0-0: Ball
1-0: Ball
2-0: Ball
3-0: Called Strike
3-1: Base on Balls
Batting: RHB Zakhar Edelman 0-0: Ball
1-0: Ball
2-0: Called Strike
2-1: Ground out 6-3 (Groundball, 6MD, EV 101.9 MPH)
Bottom of the 9th over - 0 runs, 0 hits, 0 errors, 1 left on base; Pensacola 12 - Colorado (EL) 1
Sunday, July 16th , 2023 - OOTP Baseball 24.6 Build 69